 Dungeon Crawl Stone Soup version 0.30.1-3-gfc49f6343a (webtiles) character file.

Game seed: 16379482254814766198

25 Peloso the Shield-Bearer (level 2, -1/27 HPs)
             Began as a Minotaur Fighter on July 21, 2023.
             Slain by a cerulean imp
             ... wielding a +2 spear
             ... summoned by Natasha
              (4 damage)
             ... on level 2 of the Dungeon.
             The game lasted 00:01:30 (748 turns).

Peloso the Shield-Bearer (Minotaur Fighter)          Turns: 748, Time: 00:01:31

Health: -1/27      AC:  8    Str: 20    XL:     2   Next: 86%
Magic:  1/1        EV:  9    Int:  5    God:
Gold:   74         SH:  4    Dex:  9    Spells: 1/1 levels left

rFire   . . .        a - +0 long sword
rCold   . . .        d - +0 buckler
rNeg    . . .        b - +0 scale mail
rPois   .            (helmet restricted)
rElec   .            c - +0 cloak
rCorr   .            (no gloves)
SInv    .            (no boots)
Will    .....        (no amulet) Stlth
                     g - ring of flight
HPRegen 0.24/turn    (no ring)
MPRegen 0.07/turn

%: no passive effects
@: flying, slowed, very slow
A: horns 2, retaliatory headbutt
a: no special abilities


You were on level 2 of the Dungeon.
You visited 1 branch of the dungeon, and saw 2 of its levels.

You collected 74 gold pieces.

Inventory:

Hand Weapons
 a - a +0 long sword (weapon)
Armour
 b - a +0 scale mail (worn)
 c - a +0 cloak (worn)
 d - a +0 buckler (worn)
Jewellery
 g - a ring of flight (left hand)
Scrolls
 e - a scroll of fear
 f - a scroll of torment {unknown}
 i - a scroll of amnesia {unknown}
 j - 2 scrolls of teleportation {unknown}
 k - a scroll of blinking {unknown}
Potions
 h - a potion of might


   Skills:
 + Level 4.1 Fighting
 + Level 2.6 Long Blades
 + Level 3.9 Armour
 + Level 0.2 Dodging
 + Level 4.1 Shields


You had one spell level left.
You didn't know any spells.
Your spell library contained the following spells:

 Spells                   Type           Power      Damage    Failure   Level
 Scorch                   Fire           0%         2d5       95%         2
 Frozen Ramparts          Ice            0%         1d1       99%         3
 Flame Wave               Conj/Fire      0%         2d4       100%        4
 Ice Form                 Ice/Tmut       0%         N/A       100%        4
 Summon Ice Beast         Ice/Summ       0%         N/A       100%        4
 Alistair's Intoxication  Tmut/Pois      0%         N/A       100%        5
 Borgnjor's Vile Clutch   Necr/Erth      0%         N/A       100%        5
 Eringya's Noxious Bog    Tmut/Pois      0%         N/A       100%        6
 Summon Cactus Giant      Summ           0%         N/A       100%        6


Dungeon Overview and Level Annotations

Branches:
Dungeon (2/15)

Altars:

Annotations:
D:2 Natasha


Innate Abilities, Weirdness & Mutations

You have a pair of horns on your head.
You reflexively headbutt those who attack you in melee.


Message History

The cerulean imp hits you but does no damage.
The cerulean imp shouts!
You block Natasha's attack. The cerulean imp closely misses you.
You block the cerulean imp's attack.
You hit the cerulean imp.
The cerulean imp is lightly wounded.
Natasha casts a spell.
The cerulean imp hits you with a +2 spear.
The cerulean imp hits you but does no damage.
Natasha extends her claws.
Natasha claws you.
The cerulean imp hits you but does no damage.
You closely miss Natasha.
The cerulean imp hits you but does no damage.
Natasha claws you but does no damage. You block the cerulean imp's attack.
Unknown command.
Natasha mewls in sadness.
The cerulean imp hits you from afar with a +2 spear.
You hit Natasha but do no damage. Your headbutt misses Natasha.
Natasha stares at you and mumbles some strange words.
You feel yourself slow down.
The cerulean imp hits you from afar with a +2 spear.
The cerulean imp hits you but does no damage.
Natasha misses you.
You barely miss Natasha.
The cerulean imp disappears in a puff of smoke!
The cerulean imp barely misses you.
The cerulean imp hits you from afar with a +2 spear.
* * * LOW HITPOINT WARNING * * *
Natasha claws you.
* * * LOW HITPOINT WARNING * * *
The cerulean imp hits you but does no damage.
The cerulean imp misses you.
Natasha stares at you and mumbles some strange words.
You feel as though you will be slow longer.
You closely miss Natasha.
The cerulean imp hits you from afar with a +2 spear.
* * * LOW HITPOINT WARNING * * *
The cerulean imp hits you from afar with a +2 spear.
You die...

♣################
♣...............#
Z
♣############.###
Zh #.# ZPP♣♣♣♣
#.# ....P..♣♣ #.#
♣PP....P♣# #.#
♣PP5P..# #@#
#♣♣♣♣♣..######h#
#..........5.55#
#.###########..#
#..# #..# #..#
#..# .... #..#


You could see Natasha and 2 cerulean imps.

Vanquished Creatures
  2 ball pythons (D:1)
  3 bats (D:1)
  A giant cockroach (D:1)
  2 hobgoblins (D:1)
  12 frilled lizards (D:1)
  A goblin (D:1)
  4 kobolds (D:1)
  4 rats (D:1)
29 creatures vanquished.

Notes
Turn   | Place    | Note
-------+----------+-------------------------------------------
     0 | D:1      | Peloso the Minotaur Fighter began the quest for the Orb.
     0 | D:1      | Reached XP level 1. HP: 19/19 MP: 0/0
    67 | D:1      | Reached XP level 2. HP: 26/27 MP: 1/1
    84 | D:1      | Found a faded altar of an unknown god.
   721 | D:2      | Noticed Natasha
   748 | D:2      | Slain by a cerulean imp

Illustrated notes

Levels and vault maps discovered:
D:1:      dpeg_arrival_another_circle, layout_rooms,
          hellmonk_ecumenical_altar_pennies_from_heaven, dk_noncrumbling_3,
          minmay_lizard_king
D:2:      layout_basic, serial_curves, eino_curves_01, eino_curves_02,
          eino_curves_04, basic_altar, dilly_guarded_unrand_morg

Skill      XL: |  1  2 |
---------------+-------+-----
Shields        | 4 |  4.1
Fighting       | 4 |  4.1
Long Blades    | |  2.6
Armour         | |  3.9
Dodging        | |  0.2

Action                     || total
---------------------------++-------
  Melee: Long sword        ||    59
         Headbutt          ||    10
    Use: Scroll            ||     1
 Armour: Scale mail        ||    52
  Dodge: Dodged            ||    37
  Block: Buckler           ||    21
